 Dungeon Crawl Stone Soup version 0.31-a0-1511-g961fd35ebc (webtiles) character file.

Game seed: 609318232724337530

2277 Amplified the Insei (level 9, 0/68 HPs)
             Began as a Demonspawn Monk on Dec 30, 2023.
             Was a Believer of Makhleb.
             Slain by a killer bee (6 damage)
             ... on level 8 of the Dungeon.
             The game lasted 00:11:34 (7872 turns).

Amplified the Insei (Demonspawn Monk)               Turns: 7872, Time: 00:11:35

Health: 0/68       AC:  7    Str: 15    XL:     9   Next: 16%
Magic:  13/13      EV: 12    Int: 17    God:    Makhleb [**....]
Gold:   382        SH:  0    Dex: 16    Spells: 8/8 levels left

rFire   + .          .
                       - Unarmed
rCold   . . .        d - orb {light}
rNeg    . . .        j - +0 acid dragon scales
rPois   .            (helmet restricted)
rElec   .            (no cloak)
rCorr   +            (no gloves)
SInv    .            m - +0 pair of boots
Will    .....        v - amulet of faith
Stlth   +            u - +6 ring of intelligence
HPRegen 0.31/turn    (no ring)
MPRegen 0.13/turn

%: faith
@: lethally poisoned (0 -> -17), glowing
A: antennae 1, powered by pain 2, weakness stinger 1, demonic touch 2, fire
resistance 1, mutation resistance 1
a: Renounce Religion, Minor Destruction


You were on level 8 of the Dungeon.
You worshipped Makhleb.
Makhleb was pleased with you.
You visited 2 branches of the dungeon, and saw 9 of its levels.

You collected 382 gold pieces.

Inventory:

Hand Weapons
 a - a +1 hand axe
Missiles
 k - 11 poisoned darts (quivered)
Armour
 d - an orb of light (worn)
 e - a +2 leather armour of cold resistance
 j - +0 acid dragon scales (worn)
 m - a +0 pair of boots (worn)
Jewellery
 u - a +6 ring of intelligence (left hand)
 v - an amulet of faith (around neck)
Talismans
 h - a maw talisman
 o - a flux talisman
 w - a serpent talisman
Wands
 n - a wand of mindburst (21)
 s - a wand of flame (29)
Scrolls
 b - a scroll of silence
 c - 2 scrolls of identify
 g - 2 scrolls of fog
 i - a scroll of noise
 t - a scroll of vulnerability
Potions
 q - a potion of brilliance


   Skills:
 - Level 5.0 Fighting
 - Level 2.9 Axes
 - Level 1.1 Armour
 - Level 2.6 Dodging
 * Level 7.0 Unarmed Combat
 * Level 6.2 Invocations
 * Level 5.3 Shapeshifting


You had 8 spell levels left.
You didn't know any spells.
Your spell library contained the following spells:

 Spells                   Type           Power      Damage    Failure   Level
 Foxfire                  Conj/Fire      0%         2x1d4     32%         1
 Ensorcelled Hibernation  Hex/Ice        0%         N/A       45%         2
 Fugue of the Fallen      Necr           0%         N/A       69%         3
 Inner Flame              Hex/Fire       0%         N/A       69%         3
 Summon Ice Beast         Ice/Summ       0%         N/A       69%         3
 Anguish                  Hex/Necr       0%         N/A       97%         4
 Flame Wave               Conj/Fire      0%         2d4       97%         4
 Sticky Flame             Fire/Alch      0%         2d4       97%         4
 Summon Mana Viper        Hex/Summ       0%         N/A       100%        5
 Plasma Beam              Fire/Air       0%         2x1d10    100%        6
 Starburst                Conj/Fire      0%         6d3       100%        6
 Monstrous Menagerie      Summ           0%         N/A       100%        7


Dungeon Overview and Level Annotations

Branches:
Dungeon (8/15)             Temple (1/1) D:5
   Lair: D:8-11

Altars:
Ashenzari
Cheibriados
Dithmenos
Fedhas
Gozag
Hepliaklqana
Kikubaaqudgha
Makhleb
Nemelex Xobeh
Okawaru
Qazlal
Ru
Sif Muna
Trog
Uskayaw
Vehumet
Wu Jian
Xom
Yredelemnul

Annotations:
D:5 4 runed translucent doors


Innate Abilities, Weirdness & Mutations

You have a pair of small antennae on your head.
You sometimes gain power by taking damage.
You have a small tail.
Your touch may inflict irresistible damage on your foes.
Your flesh is heat resistant. (rF+)
You are somewhat resistant to further mutation.


Message History

Aiming: Minor Destruction (1% risk of failure)
Press: ? - help, Shift-Dir - straight line, f/p - killer bee
Aim: a killer bee (moderately wounded, haloed)
The zap misses the killer bee.
The killer bee stings you but does no damage.
The killer bee stings you.
The killer bee stings you but does no damage.
The killer bee stings you. The killer bee completely misses you.
The killer bee closely misses you.
Unknown command.
You completely miss the killer bee.
The killer bee is moderately wounded.
The killer bee misses you. The killer bee barely misses you.
The killer bee stings you.
You are poisoned.
The killer bee poisons you!
Unknown command.
Aiming: Minor Destruction (1% risk of failure)
Press: ? - help, Shift-Dir - straight line, f/p - killer bee
Aim: a killer bee (moderately wounded, haloed)
The killer bee writhes in agony.
You feel sick. The killer bee closely misses you.
The killer bee stings you but does no damage.
The killer bee barely misses you. x2; The killer bee stings you.
* * * LOW HITPOINT WARNING * * *
You are more poisoned.
The killer bee poisons you! The killer bee barely misses you.
Unknown command.
Unknown command.
You hit the killer bee but do no damage.
Your tail-slap misses the killer bee.
The killer bee is moderately wounded.
You feel very sick. The killer bee stings you.
* * * LOW HITPOINT WARNING * * *
You are more poisoned.
The killer bee poisons you! The killer bee stings you.
* * * LOW HITPOINT WARNING * * *
The killer bee barely misses you. The killer bee stings you.
You die...

########
##......##
##........##
#.yy.......#
#y@........#
#..........#
#..........#
#..........#
##........##
.........#
.........$
.........


You could see 3 killer bees.

Vanquished Creatures
  A wyvern (D:8)
  A water moccasin (D:5)
  2 ice beasts
  An orc warrior (D:6)
  3 ogres
  2 centaurs
  A phantom (D:4)
  A kobold brigand (D:7)
  2 bullfrogs
  4 scorpions
  A howler monkey (D:5)
  4 jellies
  2 hounds
  An orc priest (D:6)
  2 sleepcaps
  Jessica (D:2)
  A gnoll bouda (D:6)
  Terence (D:2)
  6 orc wizards
  2 iguanas
  5 gnolls (D:6)
  9 adders
  A shadow imp (D:7)
  A dart slug (D:2)
  2 ribbon worms
  12 orcs
  10 endoplasms
  3 giant cockroaches
  8 goblins
  6 hobgoblins
  6 jackals
  12 kobolds
  5 quokkas
  8 ball pythons
  5 bats
  2 frilled lizards
  7 rats
141 creatures vanquished.

Notes
Turn   | Place    | Note
-------+----------+-------------------------------------------
     0 | D:1      | Amplified the Demonspawn Monk began the quest for the Orb.
     0 | D:1      | Reached XP level 1. HP: 18/18 MP: 1/1
   195 | D:1      | Discovered your monstrous ancestry.
   195 | D:1      | Gained mutation: You have a small tail. [demonic ancestry]
   195 | D:1      | Reached XP level 2. HP: 24/24 MP: 2/2
   445 | D:1      | Found a faded altar of an unknown god.
   516 | D:1      | Reached skill level 1 in Armour
  1047 | D:2      | Gained mutation: You sometimes gain a little power by
                  | taking damage. [demonic ancestry]
  1047 | D:2      | Reached XP level 3. HP: 28/29 MP: 3/3
  1140 | D:2      | Reached skill level 1 in Unarmed Combat
  1160 | D:2      | Found a burning altar of Makhleb.
  1161 | D:2      | Noticed Terence
  1466 | D:3      | Reached skill level 2 in Unarmed Combat
  1466 | D:3      | Reached XP level 4. HP: 20/37 MP: 4/4
  2287 | D:4      | Gained mutation: You sometimes gain power by taking damage.
                  | [demonic ancestry]
  2287 | D:4      | Reached XP level 5. HP: 30/42 MP: 5/5
  2289 | D:4      | Reached skill level 3 in Unarmed Combat
  2612 | D:4      | Noticed an ogre
  2621 | D:5      | Entered Level 5 of the Dungeon
  2780 | D:4      | Found a shimmering altar of Xom.
  2936 | D:4      | Killed an ogre
  2937 | D:4      | Reached skill level 1 in Shapeshifting
  2937 | D:4      | Gained mutation: Your touch may inflict minor irresistible
                  | damage on your foes. [demonic ancestry]
  2937 | D:4      | Reached XP level 6. HP: 43/49 MP: 6/6
  3111 | D:4      | Gained mutation: Your flesh is heat resistant. (rF+)
                  | [potion of mutation]
  3111 | D:4      | Gained mutation: You are somewhat resistant to further
                  | mutation. [potion of mutation]
  3132 | D:4      | Reached skill level 4 in Unarmed Combat
  3339 | D:4      | Noticed an ice beast
  3386 | D:4      | Killed an ice beast
  3887 | D:2      | Killed Terence
  3888 | D:2      | Gained mutation: You have a pair of small antennae on your
                  | head. [demonic ancestry]
  3888 | D:2      | Reached XP level 7. HP: 50/55 MP: 7/7
  3997 | D:2      | Noticed Jessica
  4004 | D:2      | Killed Jessica
  4005 | D:2      | Reached skill level 5 in Fighting
  4695 | D:5      | Found a large runed translucent door.
  4695 | D:5      | Found a large runed translucent door.
  4699 | D:5      | Noticed a yak
  4701 | D:5      | Noticed a shadow
  4714 | D:5      | Found a large runed translucent door.
  4714 | D:5      | Found a large runed translucent door.
  4770 | D:5      | Reached skill level 5 in Unarmed Combat
  4937 | D:5      | Found a staircase to the Ecumenical Temple.
  4961 | Temple   | Entered the Ecumenical Temple
  4970 | Temple   | Became a worshipper of Makhleb the Destroyer
  4970 | Temple   | Reached * piety under Makhleb
  4970 | Temple   | Reached ** piety under Makhleb
  5144 | D:5      | Reached skill level 1 in Invocations
  5147 | D:5      | Gained mutation: Your touch may inflict irresistible damage
                  | on your foes. [demonic ancestry]
  5147 | D:5      | Reached XP level 8. HP: 45/62 MP: 7/9
  5330 | D:5      | Noticed a two-headed ogre
  5502 | D:6      | HP: 1/62 [orc warrior/+0 mace (8)]
  5668 | D:6      | Reached skill level 6 in Unarmed Combat
  6528 | D:6      | Reached skill level 5 in Invocations
  7190 | D:7      | Reached skill level 5 in Shapeshifting
  7486 | D:7      | Reached XP level 9. HP: 62/68 MP: 13/13
  7745 | D:8      | Noticed a two-headed ogre
  7761 | D:8      | Reached skill level 7 in Unarmed Combat
  7872 | D:8      | Slain by a killer bee

Illustrated notes

Levels and vault maps discovered:
D:1:      scummos_arrival_star, layout_loops_corners, basic_ecumenical_altar,
          hex_medium, minmay_misc_feat_roman
D:2:      layout_rooms, basic_altar, chequers_avenue, skrybe_limestone_x,
          uniq_jessica, uniq_terence
D:3:      layout_basic, minmay_misc_feat_nine_boxes
D:4:      minmay_skewed_foursquare, layout_layer_cave, overflow_temple_1_default
D:5:      layout_gridville, temple_fountains, minmay_hollow_rounded_squares
D:6:      layout_loops_corners
D:7:      layout_basic
D:8:      layout_rooms
Temple:   grunt_wide_crystal_templ

Skill      XL: |  1  2  3  4  5  6  7  8  9 |
---------------+----------------------------+-----
Armour         | 1 |  1.1
Unarmed Combat | 2 3 4 5 6 7 |  7.0
Fighting       | 4 5 |  5.0
Shapeshifting  | 1 2 3 5 |  5.3
Invocations    | 1 5 6 |  6.2
Axes           | |  2.9
Dodging        | |  2.6

Action                     |  1- 3 |  4- 6 |  7- 9 || total
---------------------------+-------+-------+-------++-------
  Melee: Hand axe          |    25 |       |       ||    25
         Unarmed           |   135 |   147 |   282 ||   564
         Tailslap          |    16 |    30 |    60 ||   106
  Throw: Dart              |       |     9 |     3 ||    12
 Invoke: Minor Destruction |       |       |    20 ||    20
Ability: Begin Untransform |       |       |     1 ||     1
  Evoke: Wand              |       |       |    15 ||    15
    Use: Scroll            |     3 |     7 |     6 ||    16
         Potion            |     1 |     3 |     3 ||     7
   Stab: Invisible         |       |       |     8 ||     8
 Armour: Robe              |    69 |       |       ||    69
         Acid dragon scale |     6 |    74 |   190 ||   270
         Skin              |       |     3 |       ||     3
         Leather armour    |       |       |     1 ||     1
  Dodge: Dodged            |   122 |    83 |   190 ||   395
   Form: Maw               |       |       |     1 ||     1

Table legend: (Time is in decaauts)
 A = Elapsed time spent in this place.
 B = Non-inter-level travel time spent in this place.
 C = Inter-level travel time spent in this place.
 D = Time resting spent in this place.
 E = Time spent auto-exploring this place.
 F = Levels seen in this place.
 G = Mean time per level.
                   A        B        C        D        E       F      G
               +--------+--------+--------+--------+--------+-----+--------+
         Total |   7837 |   7468 |    369 |   1002 |   5068 |   9 |  870.8 |
       Dungeon |   7818 |   7466 |    352 |   1002 |   5068 |   8 |  977.2 |
        Temple |     18 |      1 |     17 |      0 |      0 |   1 |   18.0 |
               +--------+--------+--------+--------+--------+-----+--------+

Top non-repeatable levels by time:
     D:4: 1629 daAuts
     D:6: 1453 daAuts
     D:3: 1081 daAuts
     D:1: 967 daAuts
     D:7: 921 daAuts
     D:5: 850 daAuts
     D:2: 789 daAuts
     D:8: 125 daAuts
  Temple: 18 daAuts
